 Dungeon Crawl Stone Soup version 0.22-a0-479-gc6e99f3 (webtiles) character file.

63 iamserjio the Sneak (level 4, 0/38 HPs)
             Began as a Gnoll Assassin on June 14, 2018.
             Slain by a jackal (1 damage)
             ... on level 1 of the Dungeon.
             The game lasted 00:03:19 (758 turns).

iamserjio the Sneak (Gnoll Assassin)                 Turns: 758, Time: 00:03:19

Health: 0/38       AC:  3    Str: 13    XL:     4   Next: 9%
Magic:  5/5        EV: 13    Int: 14    God:
Gold:   27         SH:  0    Dex: 17    Spells: 5/5 levels left

rFire    . . .     SeeInvis .   a - +2 dagger
rCold    . . .     Gourm    .   (no shield)
rNeg     . . .     Faith    .   c - +0 robe
rPois    .         Spirit   .   (no helmet)
rElec    .         Reflect  .   d - +0 cloak
rCorr    .         Harm     .   (no gloves)
MR       .....                  (no boots)
Stlth    ++++......             (no amulet)
HPRegen  0.12/turn              (no ring)
MPRegen  0.09/turn              (no ring)

@: no status effects
A: distributed training, fangs 1, strong nose
a: no special abilities


You were on level 1 of the Dungeon.
You were not hungry.

You visited 1 branch of the dungeon, and saw 2 of its levels.

You collected 27 gold pieces.

Inventory:

Hand Weapons
 a - a +2 dagger (weapon)
 b - a +0 blowgun
Missiles
 e - 8 poisoned needles
 f - 2 curare-tipped needles {!f}
 i - 27 stones (quivered)
Armour
 c - a +0 robe (worn)
 d - a +0 cloak (worn)
Scrolls
 h - a scroll of remove curse {unknown}
 j - a scroll of identify {unknown}
 k - a scroll of enchant armour {unknown}
Comestibles
 g - 2 rations


   Skills:
 + Level 4.6 Fighting
 + Level 4.6 Short Blades
 + Level 1.0 Long Blades
 + Level 1.0 Axes
 + Level 1.0 Maces & Flails
 + Level 1.0 Polearms
 + Level 1.0 Staves
 + Level 1.0 Slings
 + Level 1.0 Bows
 + Level 1.0 Crossbows
 + Level 4.6 Throwing
 + Level 1.0 Armour
 + Level 2.7 Dodging
 + Level 7.8 Stealth
 + Level 1.0 Shields
 + Level 1.0 Unarmed Combat
 + Level 1.0 Spellcasting
 + Level 0.7 Conjurations
 + Level 0.7 Hexes
 + Level 0.7 Charms
 + Level 0.7 Summonings
 + Level 0.7 Necromancy
 + Level 0.7 Translocations
 + Level 0.7 Transmutations
 + Level 0.7 Fire Magic
 + Level 0.7 Ice Magic
 + Level 0.7 Air Magic
 + Level 0.7 Earth Magic
 + Level 0.7 Poison Magic
 + Level 1.1 Invocations
 + Level 1.0 Evocations


You had 5 spell levels left.
You didn't know any spells.
Your spell library was empty.

Dungeon Overview and Level Annotations

Branches:
Dungeon (2/15)

Altars:
Nemelex Xobeh


Innate Abilities, Weirdness & Mutations

Your experience applies equally to all skills.
You have very sharp teeth.
Your uncanny sense of smell can sniff out nearby items.


Message History

* * * LOW HITPOINT WARNING * * *
The jackal bites you.
* * * LOW HITPOINT WARNING * * *
You barely miss the jackal.
The jackal is almost dead.
The jackal bites you but does no damage.
The jackal bites you.
* * * LOW HITPOINT WARNING * * *
You hit the jackal.
You kill the jackal!
The jackal closely misses you.
You hit the jackal.
The jackal is severely wounded.
The jackal barely misses you.
You completely miss the jackal.
The jackal is severely wounded.
The jackal bites you.
* * * LOW HITPOINT WARNING * * *
The giant cockroach barely misses you. The jackal bites you.
You die...

##### #@..# #sh.#
#...###..
.########........
.....h.>....###..
###..........%..
#.h#####........
#h #......#.
#......#


You could see a jackal and a giant cockroach.

Vanquished Creatures
  A gnoll (D:1)
  3 adders (D:2)
  2 bats
  2 goblins (D:2)
  5 hobgoblins
  8 jackals
  2 kobolds (D:1)
  A rat (D:1)
24 creatures vanquished.

Notes
Turn   | Place    | Note
-------+----------+-------------------------------------------
     0 | D:1      | iamserjio the Gnoll Assassin began the quest for the Orb.
     0 | D:1      | Reached XP level 1. HP: 20/20 MP: 1/1
   105 | D:2      | Reached XP level 2. HP: 16/26 MP: 2/2
   153 | D:2      | Found a sparkling altar of Nemelex Xobeh.
   397 | D:2      | Reached XP level 3. HP: 10/31 MP: 3/3
   699 | D:2      | Reached skill level 1 in Invocations
   738 | D:1      | Reached skill level 1 in Long Blades
   738 | D:1      | Reached skill level 1 in Axes
   738 | D:1      | Reached skill level 1 in Maces & Flails
   738 | D:1      | Reached skill level 1 in Polearms
   738 | D:1      | Reached skill level 1 in Staves
   738 | D:1      | Reached skill level 1 in Slings
   738 | D:1      | Reached skill level 1 in Bows
   738 | D:1      | Reached skill level 1 in Crossbows
   738 | D:1      | Reached skill level 1 in Armour
   738 | D:1      | Reached skill level 1 in Shields
   738 | D:1      | Reached skill level 1 in Unarmed Combat
   738 | D:1      | Reached skill level 1 in Spellcasting
   738 | D:1      | Reached skill level 1 in Evocations
   738 | D:1      | Reached XP level 4. HP: 7/38 MP: 5/5
   758 | D:1      | HP: 1/38 [jackal (1)]
   758 | D:1      | Slain by a jackal

Vault maps used:
D:1:      matt_arrival_refuge
D:2:      nemelex_xobeh_ov_fountains_minmay, gammafunk_temple_overflow_pools,
          uniq_robin, uniq_jessica

Skill      XL: |  1  2  3 |
---------------+----------+-----
Invocations    | 1 |  1.1
Long Blades    | 1 |  1.0
Axes           | 1 |  1.0
Maces & Flails | 1 |  1.0
Polearms       | 1 |  1.0
Staves         | 1 |  1.0
Slings         | 1 |  1.0
Bows           | 1 |  1.0
Crossbows      | 1 |  1.0
Armour         | 1 |  1.0
Shields        | 1 |  1.0
Unarmed Combat | 1 |  1.0
Spellcasting   | 1 |  1.0
Evocations     | 1 |  1.0
Fighting       | |  4.6
Short Blades   | |  4.6
Throwing       | |  4.6
Dodging        | |  2.7
Stealth        | |  7.8
Conjurations   | |  0.7
Hexes          | |  0.7
Charms         | |  0.7
Summonings     | |  0.7
Necromancy     | |  0.7
Translocations | |  0.7
Transmutations | |  0.7
Fire Magic     | |  0.7
Ice Magic      | |  0.7
Air Magic      | |  0.7
Earth Magic    | |  0.7
Poison Magic   | |  0.7

Action                   |  1- 3 |  4- 6 || total
-------------------------+-------+-------++-------
Melee: Dagger            |   115 |    20 ||   135
       Punch             |     1 |       ||     1
       Bite              |    10 |     2 ||    12
  Use: Potion            |     2 |       ||     2
 Stab: Sleeping          |     2 |       ||     2
Armor: Robe              |    16 |     8 ||    24
Dodge: Dodged            |    85 |    15 ||   100

Table legend:
 A = Spawn XP
 B = Non-spawn XP
 C = Spawn XP percentage of total XP
 D = Spawn monster count
 E = Non-spawn monster count
 F = Spawn count percentage of total count
 G = Total turns spent on level
                    A         B        C        D         E        F      G
               +---------+---------+-------+---------+---------+-------+---------
         Total |       0 |      90 |   0.0 |       0 |      24 |   0.0 |   758
               +---------+---------+-------+---------+---------+-------+---------
           D:1 |       0 |      31 |   0.0 |       0 |      11 |   0.0 |   134
           D:2 |       0 |      59 |   0.0 |       0 |      13 |   0.0 |   624
               +---------+---------+-------+---------+---------+-------+---------
